 Seeded DCSS version 0.29.1-2-gbd0b4ee654 (webtiles) character file.

Game seed: 20221024 (custom seed)

210 Nerdsrcool the Conjurer (level 5, 0/28 HPs)
             Began as a Deep Elf Conjurer on Oct 24, 2022.
             Slain by a white imp (1 damage)
             ... summoned by mkat's ghost
             ... on level 4 of the Dungeon on Oct 25, 2022.
             The game lasted 00:18:36 (3228 turns).

Nerdsrcool the Conjurer (Deep Elf Conjurer)         Turns: 3228, Time: 00:18:37

Health: 0/28       AC: 11    Str:  6    XL:     5   Next: 56%
Magic:  23/23      EV: 11    Int: 30    God:
Gold:   232        SH:  0    Dex: 13    Spells: 10/14 levels left

rFire   . . .      SeeInvis +   f - +1 rapier (protect)
rCold   + . .      Faith    .   (no shield)
rNeg    . . .      Spirit   .   a - +1 leather armour of the Evil One {rC+ Int+5}
rPois   .          Reflect  .   (no helmet)
rElec   .          Harm     .   (no cloak)
rCorr   .          Rampage  .   (no gloves)
Will    .....                   (no boots)
Stlth   ++........              p - amulet of magic regeneration
HPRegen 0.09/turn               B - ring of Buejawke {MP+9 Str+2 SInv}
MPRegen 0.58/turn               (no ring)

@: under a protective aura
A: no striking features
a: no special abilities


You were on level 4 of the Dungeon.
You visited 1 branch of the dungeon, and saw 4 of its levels.

You collected 232 gold pieces.

Inventory:

Hand Weapons
 f - a +1 rapier of protection (weapon)
 h - a +0 dagger
 m - a +0 short sword
 u - a +0 dagger of venom
Missiles
 e - 12 poisoned darts
 j - 9 boomerangs
Armour
 a - the +1 leather armour of the Evil One (worn) {rC+ Int+5}
   (You found it on level 4 of the Dungeon)

   Int:       It affects your intelligence (+5).
   rC:        It protects you from cold.
 n - an orb of light
Magical Staves
 G - a staff of conjuration
Jewellery
 p - an amulet of magic regeneration (around neck)
 B - the ring of Buejawke (left hand) {MP+9 Str+2 SInv}
   (You acquired it on level 2 of the Dungeon)

   [ring of magical power]

   Str:       It affects your strength (+2).
   MP:        It affects your magic capacity (+9).
   SInv:      It lets you see invisible.
 H - an amulet of faith
Wands
 E - a wand of light (7)
 I - a wand of flame (9)
 K - a wand of roots (2)
Scrolls
 c - 2 scrolls of noise
 q - 2 scrolls of torment {unknown}
 r - a scroll of identify {unknown}
 s - 2 scrolls of vulnerability {unknown}
 t - a scroll of blinking {unknown}
 v - 2 scrolls of magic mapping {unknown}
 x - a scroll of immolation {unknown}
 y - a scroll of fear {unknown}
 C - a scroll of teleportation {unknown}
Potions
 b - a potion of magic
 g - a potion of ambrosia {unknown}
 l - a potion of attraction {unknown}
 o - 6 potions of curing {unknown}
 w - a potion of haste {unknown}
 A - a potion of flight {unknown}
 D - a potion of lignification {unknown}
 F - 2 potions of mutation {unknown}


   Skills:
 + Level 0.1 Fighting
 + Level 0.4 Short Blades
 + Level 1.2 Armour
 + Level 2.7 Dodging
 + Level 2.8 Stealth
 + Level 5.0 Spellcasting
 + Level 6.0 Conjurations


You had 10 spell levels left.
You knew the following spells:

 Your Spells              Type           Power      Damage    Failure   Level
a - Magic Dart            Conj           100%       1d8       1%          1
b - Searing Ray           Conj           86%        2d7       1%          2
c - Foxfire               Conj/Fire      100%       2x1d9     2%          1

Your spell library contained the following spells:

 Spells                   Type           Power      Damage    Failure   Level
 Conjure Flame            Conj/Fire      25%        6-21      8%          3
 Dazzling Flash           Conj/Hex       50%        N/A       8%          3
 Inner Flame              Hex/Fire       7%         N/A       26%         3
 Flame Wave               Conj/Fire      25%        2d8       26%         4
 Fulminant Prism          Conj/Hex       12%        3d9       26%         4
 Iskenderun's Mystic Bla  Conj/Tloc      25%        2d7       26%         4


Dungeon Overview and Level Annotations

Branches:
Dungeon (4/15)
 Temple: D:4-7

Altars:
Dithmenos
Gozag
Yredelemnul

Shops:
D:3 *

Annotations:
D:4 mkat's ghost, amateur DsSu


Message History

* * * LOW HITPOINT WARNING * * *
You closely miss mkat's ghost.
Mkat's ghost is severely damaged.
You flicker for a moment.
Mkat's ghost gestures wildly while chanting.
You puncture the quokka!
Your weapon exudes an aura of protection.
You kill the quokka!
The quokka's corpse disappears in a puff of smoke!
The steam dragon breathes steam past the white imp.
Mkat's ghost hits you but does no damage.
The quokka barely misses you.
You completely miss mkat's ghost.
Mkat's ghost is severely damaged.
The white imp summons a swarm of flies.
The white imp hits you but does no damage.
The quokka bites you.
* * * LOW HITPOINT WARNING * * *
The white imp closely misses you.
As you read the scroll labelled TUSHRU KUFO, it crumbles to dust.
It is a scroll of enchant armour.
You aren't carrying any armour which can be enchanted further.
The quokka barely misses you.
Mkat's ghost hits you but does no damage.
The white imp gestures at you. The puff of frost misses you.
Unknown command.
You strike the helpless mkat's ghost from behind!
You puncture mkat's ghost!
Mkat's ghost is almost destroyed.
The quokka bites you.
* * * LOW HITPOINT WARNING * * *
Mkat's ghost gestures wildly while chanting.
The white imp closely misses you.
You catch the helpless mkat's ghost completely off-guard!
You hit mkat's ghost but do no damage.
Mkat's ghost is almost destroyed.
You flicker back into view.
The quokka closely misses you. The white imp hits you.
You die...

#### #.r## #r@W##
############
###5.###...........
#D..##.##########
####r..r.### #
#..........# #
#.......###########
#......##∩8.##.....
#......#..§$∩###...
#......'..$$8####..


You could see a steam dragon, mkat's ghost, a white imp (summoned), a quokka
(summoned) and 3 rats.

Vanquished Creatures
  A scorpion (D:4)
  Ijyb (D:3)
  An iguana (D:4)
  3 adders
  A worm (D:3)
  An orc (D:3)
  5 bats
  3 endoplasms
  12 giant cockroaches
  6 goblins
  6 hobgoblins
  7 kobolds
  2 quokkas
  9 ball pythons
  A frilled lizard (D:1)
  5 rats
64 creatures vanquished.

Vanquished Creatures (others)
  A quokka (D:4)
1 creature vanquished.

Grand Total: 65 creatures vanquished

Notes
Turn   | Place    | Note
-------+----------+-------------------------------------------
     0 | D:1      | Nerdsrcool the Deep Elf Conjurer began the quest for the
                  | Orb.
     0 | D:1      | Reached XP level 1. HP: 10/10 MP: 6/6
   220 | D:1      | Reached XP level 2. HP: 15/15 MP: 5/8
   427 | D:1      | Reached skill level 5 in Conjurations
   875 | D:2      | Reached XP level 3. HP: 18/19 MP: 5/9
  1136 | D:2      | Found a faded altar of an unknown god.
  1191 | D:2      | Found a basalt altar of Yredelemnul.
  1519 | D:2      | Identified 2 scrolls of acquirement
  1519 | D:2      | Acquired the ring of Buejawke {MP+9 Str+2 SInv}
  1605 | D:3      | Found Eromahec's Assorted Antiques.
  1647 | D:3      | Acquired a +1 rapier of protection
  1903 | D:3      | Found a shadowy altar of Dithmenos.
  1976 | D:3      | Reached XP level 4. HP: 24/24 MP: 11/11
  2288 | D:3      | Noticed Ijyb
  2308 | D:3      | Killed Ijyb
  2311 | D:3      | Acquired a book of Flames
  2496 | D:3      | Learned a level 2 spell: Searing Ray
  2498 | D:3      | Learned a level 1 spell: Foxfire
  2702 | D:4      | Noticed a scorpion
  2716 | D:4      | Killed a scorpion
  2717 | D:4      | Reached skill level 1 in Armour
  2717 | D:4      | Reached skill level 6 in Conjurations
  2717 | D:4      | Reached XP level 5. HP: 18/28 MP: 14/14
  2909 | D:4      | Found a runed translucent gate.
  2909 | D:4      | Found a runed translucent gate.
  2909 | D:4      | Found a runed translucent gate.
  2910 | D:4      | Found an opulent altar of Gozag.
  2929 | D:4      | Identified the +1 leather armour of the Evil One {rC+
                  | Int+5}
  3019 | D:4      | Reached skill level 5 in Spellcasting
  3159 | D:4      | Noticed mkat's ghost (amateur DsSu)
  3159 | D:4      | Noticed a steam dragon
  3227 | D:4      | HP: 1/28 [quokka[mkat's ghost] (1)]
  3228 | D:4      | Slain by a white imp

Illustrated notes

Levels and vault maps discovered:
D:1:      psy_arrival_whirlpool, layout_rooms, minmay_pentomino_v4
D:2:      minmay_roachtagon, layout_loops_cross, basic_altar,
          hellmonk_ecumenical_altar_inner_sanctum
D:3:      layout_basic, nicolae_dithmenos_shadow_blocks, serial_shops,
          shop_coins, minmay_misc_feat_plants, minmay_misc_feat_ornament,
          uniq_ijyb
D:4:      layout_rooms, ebering_ghost_gozag

Skill      XL: |  1  2  3  4  5 |
---------------+----------------+-----
Conjurations   | 5 6 |  6.0
Spellcasting   | 4 5 |  5.0
Armour         | 1 |  1.2
Fighting       | |  0.1
Short Blades   | |  0.4
Dodging        | |  2.7
Stealth        | |  2.8

Action                   |  1- 3 |  4- 6 || total
-------------------------+-------+-------++-------
Melee: Rapier            |       |    39 ||    39
 Cast: Magic Dart        |    85 |    40 ||   125
       Searing Ray       |       |     1 ||     1
Evoke: Wand              |       |     3 ||     3
  Use: Scroll            |     3 |     2 ||     5
       Potion            |       |     4 ||     4
 Stab: Invisible         |       |     3 ||     3
Armor: Leather armour    |     2 |    16 ||    18
Dodge: Dodged            |     9 |    45 ||    54
